Map: Lerilak Crest

Players

Sen - Winner!

  • Race: Terran Terran
  • League: Gold

LilDicky

  • Race: Terran Terran
  • League: Diamond

VOD

http://www.twitch.tv/tumescentpie

Description

Time

  • Played on: Jan. 2, 2016, 12:35 p.m.
  • Length: 5:59
Show
View Real Time Build Order
Export as new Build Order

Sen Terran - Winner!

Build Orders:  

Get SALT Encoding   

  12  0:00  SCV  
  13  0:13  SCV  
  14  0:19  Supply Depot  
  14  0:25  SCV  
  15  0:40  SCV  
  15  0:41  Barracks  
  16  0:51  Refinery  
  16  0:52  SCV  
  17  1:05  SCV  
  18  1:17  SCV  
  19  1:29  Marine  
  20  1:35  Command Center  
  20  1:47  Orbital Command  
  20  2:03  Marine  
  20  2:04  Factory  
  20  2:12  Supply Depot  
  20  2:14  SCV  
  21  2:22  Marine  
  22  2:27  SCV  
  23  2:42  SCV  
  23  2:43  Marine  
  25  2:47  Factory Tech Lab  
  25  2:48  Orbital Command  
  25  2:54  SCV  
  25  2:57  Refinery  
  26  3:01  Marine  
  27  3:06  SCV  
  27  3:07  Siege Tank  
  27  3:10  Orbital Command  
  31  3:19  Marine  
  32  3:21  SCV  
  33  3:33  SCV  
  34  3:37  Marine  
  34  3:39  Starport  
  35  3:47  SCV x2  
  37  3:54  Marine  
  38  3:55  Barracks  
  38  3:57  Barracks  
  38  4:00  Supply Depot  
  38  4:08  SCV x2  
  40  4:17  Engineering Bay  
  40  4:19  Viking  
  40  4:24  SCV  
  43  4:25  SCV  
  43  4:30  Marine  
  45  4:36  SCV  
  46  4:42  Missile Turret  
  46  4:46  SCV, Missile Turret, Marine x2  
  46  4:48  SCV, Marine  
  49  5:04  Medivac  
  49  5:05  Marine x2  
  49  5:06  Marine  
  54  5:16  Supply Depot  
  54  5:37  SCV x2, Marine  
  54  5:38  Marine x2  
  54  5:41  Starport Tech Lab  
  62  5:51  Command Center  
Show
View Real Time Build Order
Export as new Build Order

LilDicky Terran 

Build Orders: Banshee Rush 

Get SALT Encoding   

  12  0:01  SCV  
  13  0:14  SCV  
  14  0:17  Supply Depot  
  14  0:26  SCV  
  15  0:39  SCV  
  16  0:44  Refinery  
  16  0:50  Barracks  
  16  0:52  SCV  
  17  1:04  SCV  
  18  1:23  SCV  
  18  1:35  SCV  
  19  1:46  Marine  
  20  1:48  Supply Depot  
  20  1:49  Orbital Command  
  20  1:52  Refinery  
  20  2:04  Marine  
  21  2:19  SCV  
  21  2:21  Factory, Marine  
  23  2:25  Supply Depot  
  23  2:31  SCV  
  24  2:39  Marine  
  24  2:43  SCV  
  26  2:55  SCV, Supply Depot  
  26  2:57  Marine  
  28  3:06  Starport  
  28  3:10  Factory Tech Lab  
  28  3:13  SCV  
  28  3:15  Marine  
  30  3:20  Supply Depot  
  30  3:25  SCV  
  31  3:33  Marine  
  35  3:37  SCV  
  33  3:48  Supply Depot  
  33  3:49  SCV  
  33  3:50  Banshee, Cloaking Field  
  33  3:51  Marine  
  38  3:57  Supply Depot  
  38  4:01  SCV  
  38  4:02  Supply Depot  
  39  4:04  Factory Tech Lab  
  39  4:08  Marine  
  40  4:24  Siege Tank  
  40  4:28  SCV  
  44  4:32  Engineering Bay  
  44  4:33  Banshee  
  44  4:35  Supply Depot  
  44  4:37  Marine  
  48  4:40  SCV  
  49  4:52  SCV  
  50  5:04  Siege Tank  
  53  5:10  Missile Turret  
  50  5:31  SCV  
  50  5:34  Supply Depot  
  54  5:40  Marine  
Tags
 
Add a new tag
Caveats
  • Supply blocks, unpowered buildings, or Contaminate may cause inaccurate times.
  • Supply counts are checked every 10 seconds.